 Dungeon Crawl Stone Soup version 0.17-a0-1446-gc28613e (webtiles) character file.

16 Espgualade the Chiller (level 2, -1/17 HPs)
             Began as a Tengu Ice Elementalist on June 28, 2015.
             Slain by a worm (9 damage)
             ... on level 2 of the Dungeon.
             The game lasted 00:02:35 (923 turns).

Espgualade the Chiller (Tengu Ice Elementalist)      Turns: 923, Time: 00:02:35

Health: -1/17      AC:  2    Str:  8    XL:     2   Next: 58%
Magic:  3/6        EV: 12    Int: 20    God:
Gold:   27         SH:  0    Dex: 14    Spells: 2 memorised, 2 levels left

rFire  . . .     SeeInvis .     m - +0 dagger
rCold  . . .     Clarity  .     a - +0 robe
rNeg   . . .     SustAt   .     (no shield)
rPois  .         Gourm    +     (helmet restricted)
rElec  .         Spirit   .     (no cloak)
rCorr  .         Warding  .     (no gloves)
rMut   .         Stasis   .     (boots unavailable)
MR     .....                    i - amulet of the gourmand
Stlth  ++........               (no ring)
                                d - ring of wizardry

@: brilliant, not resistant to hostile enchantments, unstealthy
A: beak, talons 3
a: no special abilities


You were on level 2 of the Dungeon.
You were not hungry.

You visited 1 branch of the dungeon, and saw 2 of its levels.

You collected 27 gold pieces.

Inventory:

Hand weapons
 m - a +0 dagger (weapon)
Armour
 a - a +0 robe (worn)
Jewellery
 d - a ring of wizardry (left hand)
 i - an amulet of the gourmand (around neck)
 o - an uncursed ring of flight {unknown}
Scrolls
 e - a scroll of enchant armour {unknown}
 f - 2 scrolls of fog {unknown}
 l - 2 scrolls of remove curse {unknown}
 q - a scroll of identify {unknown}
 r - 2 scrolls of teleportation {unknown}
Potions
 n - a potion of magic {unknown}
 s - a potion of haste {unknown}
 t - a potion of heal wounds {unknown}
 u - a potion of curing {unknown}
Books
 b - a book of Frost

   Spells                             Type                      Level
   a - Freeze                         Ice                          1
   b - Throw Frost                    Conjuration/Ice              2
   c - Ozocubu's Armour               Charms/Ice                   3
   d - Throw Icicle                   Conjuration/Ice              4
   e - Summon Ice Beast               Ice/Summoning                4
   f - Condensation Shield            Ice                          4
Comestibles
 c - 2 bread rations
 h - 4 fruits
 j - a meat ration
 k - a slice of pizza


   Skills:
 + Level 2.1 Fighting
 - Level 2.1 Dodging
 - Level 2.0 Stealth
 - Level 2.0 Spellcasting
 - Level 1.3 Conjurations
 - Level 2.6 Ice Magic


You had 2 spell levels left.
You knew the following spells:

 Your Spells              Type           Power        Failure   Level  Hunger
a - Freeze                Ice            ###.         1%          1    #......
b - Throw Frost           Conj/Ice       ###...       1%          2    ##.....


Dungeon Overview and Level Annotations

Branches:
Dungeon (2/15)

Altars:


Innate Abilities, Weirdness & Mutations

You have a beak for a mouth.
You have claws for feet.


Message History

Aiming: Freeze
Press: ? - help, Shift-Dir - straight line, f/p - worm
Aim: a worm (moderately wounded)
You freeze the worm.
The worm is heavily wounded.
The worm bites you!
Ouch! That really hurt!
Drink which item? (? for menu, Esc to quit)
It was a potion of brilliance.
You feel clever all of a sudden.
Casting: Freeze
Confirm with . or Enter, or press ? or * to list all spells.
Aiming: Freeze
Press: ? - help, Shift-Dir - straight line, f/p - worm
Aim: a worm (moderately wounded)
You freeze the worm.
The worm is heavily wounded.
The worm bites you!
Ouch! That really hurt!
You die...

#.#### ##.##### ####
#####......#### ....
............... ...
....#.#.##..###
#####...........##..#
....#.#####.#.#.##..# ##.
....#.##..#.#.#..#..##...#
(...#.##......#.@#.......#
....#.##........w#...#...#
......##...#..##.....# #
##.(..##...........$.....#
#.......#.#..###.#..###.#
#####.......#..........
#.###.#....##..##.#
#.#<....).<.......#
#.###.##.####..####


You could see a worm.

Vanquished Creatures
  3 hobgoblins (D:1)
  3 kobolds
  2 bats (D:1)
  A giant cockroach (D:2)
  2 giant newts
  2 goblins (D:1)
  4 rats (D:1)
17 creatures vanquished.

Notes
Turn   | Place    | Note
--------------------------------------------------------------
     0 | D:1      | Espgualade the Tengu Ice Elementalist began the quest for the Orb.
     0 | D:1      | Reached XP level 1. HP: 10/10 MP: 4/4
   110 | D:1      | Reached skill level 1 in Fighting
   197 | D:1      | Reached XP level 2. HP: 12/16 MP: 4/6
   800 | D:1      | Learned a level 2 spell: Throw Frost
   923 | D:2      | Slain by a worm

Vault maps used:
D:1:      dpeg_arrival_simpleton_a, kennysheep_nondescript
D:2:      nicolae_ashenzari_panopticon

Action                   || total
-------------------------++-------
Melee: Unarmed           ||     4
       Dagger            ||    12
 Cast: Freeze            ||    24
  Use: Potion            ||     2
 Stab: Sleeping          ||     1
  Eat: Chunk             ||     4
